 Dungeon Crawl Stone Soup version 0.22-a0-825-ga28c36f (webtiles) character file.

98 Kuinu the Firebug (level 4, -1/33 HPs)
             Began as a Draconian Fire Elementalist on July 24, 2018.
             Was a Follower of Vehumet.
             Slain by a goblin
             ... wielding a +0 club
              (3 damage)
             ... on level 3 of the Dungeon.
             The game lasted 00:07:44 (3172 turns).

Kuinu the Firebug (Draconian Fire Elementalist)     Turns: 3172, Time: 00:07:44

Health: -1/33      AC:  6    Str: 10    XL:     4   Next: 43%
Magic:  2/8        EV: 12    Int: 17    God:    Vehumet [*.....]
Gold:   109        SH:  0    Dex: 11    Spells: 5/8 levels left

rFire    . . .     SeeInvis .   d - +0 dagger
rCold    . . .     Gourm    .   (no shield)
rNeg     . . .     Faith    .   (armour unavailable)
rPois    .         Spirit   .   (helmet restricted)
rElec    .         Reflect  .   (no cloak)
rCorr    .         Harm     .   p - +0 pair of gloves
MR       .....                  (no boots)
Stlth    +++.......             m - amulet of the acrobat
HPRegen  0.11/turn              g - ring of stealth
MPRegen  0.11/turn              (no ring)

@: hasted, very quick
A: unfitting armour, cold-blooded, AC +5
a: Renounce Religion


You were on level 3 of the Dungeon.
You worshipped Vehumet.
Vehumet was aware of your devotion.
You were not hungry.

You visited 1 branch of the dungeon, and saw 3 of its levels.

You collected 109 gold pieces.

Inventory:

Hand Weapons
 d - a +0 dagger (weapon)
Armour
 p - a +0 pair of gloves (worn)
Jewellery
 g - a ring of stealth (left hand)
 m - an amulet of the acrobat (around neck)
Scrolls
 a - a scroll of immolation {unknown}
 b - 2 scrolls of identify {unknown}
 e - a scroll of remove curse {unknown}
 h - 2 scrolls of teleportation
 i - a scroll of fog {unknown}
 j - a scroll of amnesia {unknown}
Potions
 f - a potion of might {unknown}
 l - a potion of invisibility {unknown}
 n - a potion of heal wounds {unknown}
Comestibles
 k - 3 rations
 o - 3 chunks of flesh


   Skills:
 - Level 1.7 Dodging
 + Level 2.2 Stealth
 * Level 2.8 Spellcasting
 * Level 2.5 Conjurations
 * Level 3.7 Fire Magic


You had 5 spell levels left.
You knew the following spells:

 Your Spells              Type           Power        Failure   Level  Hunger
a - Flame Tongue          Conj/Fire      ##...        4%          1    #......
b - Throw Flame           Conj/Fire      ##....       8%          2    ##.....

Your spell library contained the following spells:

 Spells                   Type           Power        Failure   Level  Hunger
 Fireball                 Conj/Fire      ##........   80%         5    ######.
 Conjure Flame            Conj/Fire      ##......     14%         3    ###....
 Sticky Flame             Conj/Fire      ##......     43%         4    #####..
 Inner Flame              Hex/Fire       #.......     24%         3    ###....


Dungeon Overview and Level Annotations

Branches:
Dungeon (3/15)

Altars:
Fedhas
Vehumet

Annotations:
D:3 Robin


Innate Abilities, Weirdness & Mutations

Your plain brown scales are hard. (AC +5)
You cannot fit into any form of body armour.
You are cold-blooded and may be slowed by cold attacks.


Message History

The goblin completely misses you.
You hit the hobgoblin.
You kill the hobgoblin!
Vehumet accepts your kill.
You hit the goblin but do no damage.
Your tail-slap misses the goblin.
The goblin closely misses you.
Robin says, "My army is invincible!"
The goblin closely misses you.
You hit the goblin.
Your tail-slap misses the goblin.
The goblin is heavily wounded.
The goblin barely misses you. Robin barely misses you.
You closely miss the goblin.
The goblin is heavily wounded.
The goblin hits you but does no damage.
You hit the goblin.
You kill the goblin!
Vehumet accepts your kill.
A bat comes into view.
The goblin hits you with a club.
You die...

#.#.#####
#รท......##
#........#
#........#
#..gg....#######.
#..gg...g).......
#..g.l..##.......
#g########.g.....
#.)@g....'.......
##########.......
...g... ...g.).
.......


You could see Robin and a goblin.

Vanquished Creatures
  3 adders (D:2)
  2 worms (D:3)
  A dart slug (D:1)
  3 leopard geckos (D:1)
  7 bats
  3 giant cockroaches
  10 goblins
  3 hobgoblins (D:3)
  4 jackals (D:2)
  2 quokkas (D:2)
  A ball python (D:2)
  2 frilled lizards
  9 kobolds
  7 rats
57 creatures vanquished.

Vanquished Creatures (others)
  A plant (D:1)
1 creature vanquished.

Grand Total: 58 creatures vanquished

Notes
Turn   | Place    | Note
-------+----------+-------------------------------------------
     0 | D:1      | Kuinu the Draconian Fire Elementalist began the quest for the Orb.
     0 | D:1      | Reached XP level 1. HP: 14/14 MP: 3/3
   276 | D:1      | Reached XP level 2. HP: 20/20 MP: 3/5
   280 | D:1      | Learned a level 2 spell: Throw Flame
  1865 | D:2      | Reached XP level 3. HP: 26/26 MP: 3/6
  1880 | D:2      | Found a blossoming altar of Fedhas.
  2182 | D:2      | Found a radiant altar of Vehumet.
  2204 | D:2      | Became a worshipper of Vehumet
  2344 | D:2      | Reached XP level 4. HP: 24/33 MP: 3/7
  3129 | D:3      | Reached * piety under Vehumet
  3129 | D:3      | Offered knowledge of Freeze by Vehumet.
  3129 | D:3      | Noticed Robin
  3172 | D:3      | Slain by a goblin

Vault maps used:
D:1:      co_arrival_square_in_a_square_in_a_square, lexackson_kobold_supper
D:2:      lemuel_crystal_altar, lemuel_doored_altar
D:3:      first_ration, uniq_robin

Skill      XL: |  1  2  3 |
---------------+----------+-----
Stealth        | 2 |  2.2
Conjurations   | 2 |  2.5
Dodging        | |  1.7
Spellcasting   | |  2.8
Fire Magic     | |  3.7

Action                   |  1- 3 |  4- 6 || total
-------------------------+-------+-------++-------
Melee: Unarmed           |     6 |       ||     6
       Dagger            |   270 |    24 ||   294
       Tailslap          |    40 |     3 ||    43
 Cast: Flame Tongue      |    48 |    29 ||    77
       Throw Flame       |     1 |     3 ||     4
  Use: Scroll            |     1 |       ||     1
       Potion            |       |     1 ||     1
  Eat: Ration            |     1 |       ||     1
       Chunk             |     2 |     3 ||     5
Armor: Skin              |    34 |    10 ||    44
Dodge: Dodged            |    54 |    28 ||    82

Table legend:
 A = Spawn XP
 B = Non-spawn XP
 C = Spawn XP percentage of total XP
 D = Spawn monster count
 E = Non-spawn monster count
 F = Spawn count percentage of total count
 G = Total turns spent on level
                    A         B        C        D         E        F      G
               +---------+---------+-------+---------+---------+-------+---------
         Total |       0 |     140 |   0.0 |       0 |      57 |   0.0 |  3172
               +---------+---------+-------+---------+---------+-------+---------
           D:1 |       0 |      40 |   0.0 |       0 |      22 |   0.0 |  1836
           D:2 |       0 |      65 |   0.0 |       0 |      18 |   0.0 |  1036
           D:3 |       0 |      35 |   0.0 |       0 |      17 |   0.0 |   300
               +---------+---------+-------+---------+---------+-------+---------
